 Dungeon Crawl Stone Soup version 0.25-a0-1007-g10a8c3caa8 (webtiles) character file.

Game seed: 3106523752080637642, levelgen mode: deterministic

200 Flugslaktarn the Chopper (level 5, 0/47 HPs)
             Began as a Minotaur Fighter on May 11, 2020.
             Succumbed to a scorpion's poison
             ... in an ossuary.
             The game lasted 00:00:41 (1225 turns).

Flugslaktarn the Chopper (Minotaur Fighter)         Turns: 1225, Time: 00:00:41

Health: 0/47       AC: 10    Str: 18 (21) XL:     5   Next: 48%
Magic:  4/4        EV:  7    Int:  4 (5)  God:
Gold:   54         SH:  9    Dex: 10      Spells: 4/4 levels left

rFire    . . .     SeeInvis .   a - +0 war axe
rCold    . . .     Gourm    .   c - +0 kite shield
rNeg     . . .     Faith    .   b - +0 scale mail
rPois    .         Spirit   .   (helmet restricted)
rElec    .         Reflect  .   (no cloak)
rCorr    .         Harm     .   l - +1 pair of gloves
MR       .....                  i - +0 pair of boots
Stlth    ..........             (no amulet)
HPRegen  0.15/turn              (no ring)
MPRegen  0.09/turn              (no ring)

@: lethally poisoned (0 -> -16), stab
A: retaliatory headbutt, horns 2
a: no special abilities


You were in an ossuary.
You were very hungry.

You visited 1 branch of the dungeon, and saw 4 of its levels.
You also visited: Ossuary.

You collected 54 gold pieces.

Inventory:

Hand Weapons
 a - a +0 war axe (weapon)
Armour
 b - a +0 scale mail (worn)
 c - a +0 kite shield (worn)
 i - a +0 pair of boots (worn)
   (You found it on level 2 of the Dungeon)
 l - a +1 pair of gloves (worn)
   (You found it on level 4 of the Dungeon)
Jewellery
 h - an uncursed amulet of guardian spirit {unknown}
   (You found it on level 4 of the Dungeon)
 m - a +4 ring of dexterity {unknown}
   (You found it on level 4 of the Dungeon)
Scrolls
 g - a scroll of fear {unknown}
 j - 2 scrolls of enchant armour
 k - 2 scrolls of noise {unknown}
 n - a scroll of immolation {unknown}
 p - a scroll of blinking {unknown}
Potions
 d - a potion of might
 f - a potion of stabbing
Comestibles
 e - 4 rations


   Skills:
 + Level 4.6 Fighting
 * Level 4.7 Axes
 + Level 4.6 Armour
 + Level 4.7 Shields


You had 4 spell levels left.
You didn't know any spells.
Your spell library was empty.

Dungeon Overview and Level Annotations

Branches:
Dungeon (4/15)            Ossuary (1/1)
 Temple: D:4-7

Altars:
The Shining One

Shops:
D:4 }


Innate Abilities, Weirdness & Mutations

You reflexively headbutt those who attack you in melee.
You have a pair of horns on your head.


Message History

* * * LOW HITPOINT WARNING * * *
The kobold zombie hits you.
* * * LOW HITPOINT WARNING * * *
The scorpion stings you but does no damage.
Your shield and scale mail prevent you from hitting the scorpion.
The scorpion is moderately wounded.
You closely miss the kobold zombie. You slash the centaur zombie!
You destroy the centaur zombie!
You feel your dexterity returning.
You feel sick. You block the scorpion's attack.
The kobold zombie hits you but does no damage.
The scorpion stings you!
* * * LOW HITPOINT WARNING * * *
You are more poisoned.
The scorpion poisons you!
You barely miss the scorpion.
The scorpion is moderately wounded.
You hit the kobold zombie.
You destroy the kobold zombie!
You die...

#...8...#
#...†...#
##8...8##
#.......#
#...8...#
#...#...# ##+
######'##
#...#...#^^^#
#...8..s@^^^#
#.......#^^^#
##8...8######
#...... #M?.#
#...8.. #?.?#
#...#.. #??.#
####### ##+##


You could see a mummy and a scorpion.

Vanquished Creatures
  2 scorpions (Ossuary)
  A centaur zombie (Ossuary)
  An iguana (D:4)
  An adder (D:4)
  A scorpion zombie (Ossuary)
  A worm (D:2)
  A dart slug (D:2)
  A giant cockroach (D:1)
  A gnoll zombie (Ossuary)
  A goblin (D:1)
  2 hobgoblins (D:1)
  4 jackals (D:1)
  2 kobolds (D:1)
  A kobold zombie (Ossuary)
  5 rats
25 creatures vanquished.

Notes
Turn   | Place    | Note
-------+----------+-------------------------------------------
     0 | D:1      | Flugslaktarn the Minotaur Fighter began the quest for the
                  | Orb.
     0 | D:1      | Reached XP level 1. HP: 19/19 MP: 0/0
   179 | D:1      | Reached XP level 2. HP: 27/27 MP: 1/1
   622 | D:4      | Found Zauhoust's Gadget Boutique.
   646 | D:4      | Reached XP level 3. HP: 13/33 MP: 2/2
   855 | D:4      | Found a glowing golden altar of the Shining One.
  1038 | D:4      | Found a sand-covered staircase.
  1045 | Ossuary  | Entered an ossuary
  1051 | Ossuary  | Noticed a scorpion
  1062 | Ossuary  | Killed a scorpion
  1062 | Ossuary  | Reached XP level 4. HP: 27/41 MP: 3/3
  1218 | Ossuary  | Reached XP level 5. HP: 18/47 MP: 4/4
  1224 | Ossuary  | HP: 2/47 [scorpion (7)]
  1225 | Ossuary  | Succumbed to a scorpion's poison

Illustrated notes

Levels and vault maps discovered:
D:1:      heliophobic_arrival_dark_side_of_the_moon, layout_loops_ring,
          minmay_misc_feat_tiny, minmay_pentomino_p4
D:2:      layout_loops_cross, first_ration, minmay_misc_feat_diagonals,
          minmay_misc_feat_plants, wander_ebering_terrifying_dragon_lair,
          uniq_sigmund
D:3:      layout_loops_ring, nicolae_ru_the_path_less_chosen
D:4:      layout_loops_corners, serial_shops, shop,
          lightli_ossuary_entry_decrepit_ruins, tso_metal_star
Ossuary:  ossuary_minmay_scorpions

Skill      XL: |  1  2  3 |
---------------+----------+-----
Axes           | 3 4 |  4.7
Fighting       | 4 |  4.6
Armour         | 4 |  4.6
Shields        | 4 |  4.7

Action                   |  1- 3 |  4- 6 || total
-------------------------+-------+-------++-------
Melee: War axe           |    56 |    18 ||    74
       Headbutt          |    11 |     6 ||    17
  Use: Potion            |       |     2 ||     2
       Scroll            |       |     1 ||     1
Armor: Scale mail        |    29 |    11 ||    40
Dodge: Dodged            |    14 |     8 ||    22
Block: Kite shield       |    29 |    14 ||    43

Table legend:
 A = Non-vault XP
 B = Vault XP
 C = Vault XP percentage of total XP
 D = Non-vault monster count
 E = Vault monster count
 F = Vault count percentage of total count
                 A         B        C        D         E       F
            +---------+---------+-------+---------+---------+-------
      Total |      82 |     204 |  71.3 |      19 |       6 |  24.0
            +---------+---------+-------+---------+---------+-------
        D:1 |      22 |       0 |   0.0 |      13 |       0 |   0.0
        D:2 |      10 |       0 |   0.0 |       3 |       0 |   0.0
        D:3 |       1 |       0 |   0.0 |       1 |       0 |   0.0
        D:4 |      49 |       0 |   0.0 |       2 |       0 |   0.0
    Ossuary |       0 |     204 | 100.0 |       0 |       6 | 100.0
            +---------+---------+-------+---------+---------+-------
